 Dungeon Crawl Stone Soup version 0.23.1 (webtiles) character file.

Game seed: 409789244066657264

10824 Monsterracer the Martial Artist (level 11, -6/89 HPs)
             Began as a Merfolk Transmuter on Mar 2, 2019.
             Was a High Priest of Okawaru.
             Killed from afar by Josephine (23 damage)
             ... with a ghostly fireball
             ... on level 10 of the Dungeon.
             The game lasted 00:15:52 (12134 turns).

Monsterracer the Martial Artist (MfTm)             Turns: 12134, Time: 00:15:52

Health: -6/89      AC:  8    Str: 13    XL:     11   Next: 68%
Magic:  14/15      EV: 19    Int: 12    God:    Okawaru [*****.]
Gold:   543        SH:  5    Dex: 16    Spells: 13/14 levels left

rFire    . . .     SeeInvis +     - Unarmed
rCold    . . .     Gourm    .   a - +0 buckler
rNeg     . . .     Faith    .   s - +1 troll leather armour {Snorg}
rPois    .         Spirit   .   i - +0 helmet
rElec    .         Reflect  .   A - +0 cloak
rCorr    .         Harm     .   b - +0 pair of gloves
MR       .....                  (no boots)
Stlth    ++........             (no amulet)
HPRegen  0.64/turn              (no ring)
MPRegen  0.14/turn              S - ring of see invisible

@: heroism, very heavily drained
A: change form in water, swift swim, stealthy swim
a: Heroism, Finesse, Renounce Religion


You were on level 10 of the Dungeon.
You worshipped Okawaru.
Okawaru was extremely pleased with you.
You were hungry.

You visited 2 branches of the dungeon, and saw 11 of its levels.
You also visited: Sewer and Ossuary.

You collected 543 gold pieces.


   Skills:
 + Level 9.3(9.5) Fighting
 + Level 10.2(10.3) Dodging
 - Level 4.3(5.1) Shields
 * Level 13.1(12.9) Unarmed Combat
 - Level 2.0(0.0) Spellcasting
 - Level 2.6(0.0) Transmutations
 + Level 6.4(2.4) Invocations


You had 13 spell levels left.
You knew the following spells:

 Your Spells              Type           Power        Failure   Level  Hunger
j - Beastly Appendage     Tmut           #.....       38%         1    ##.....

Your spell library contained the following spells:

 Spells                   Type           Power        Failure   Level  Hunger
 Animate Skeleton         Necr           N/A          38%         1    ##.....
 Flame Tongue             Conj/Fire      #....        38%         1    ##.....
 Pain                     Necr           #...         38%         1    ##.....
 Poisonous Vapours        Pois/Air       #.....       54%         2    ###....
 Sticks to Snakes         Tmut           #.......     54%         2    ###....
 Throw Flame              Conj/Fire      #.....       54%         2    ###....
 Conjure Flame            Conj/Fire      #.......     77%         3    ####...
 Inner Flame              Hex/Fire       #.......     77%         3    ####...
 Mephitic Cloud           Conj/Pois/Air  #.......     77%         3    ####...
 Regeneration             Chrm/Necr      #.........   77%         3    ####...
 Spider Form              Tmut/Pois      #.........   77%         3    ####...
 Vampiric Draining        Necr           #.........   77%         3    ####...
 Animate Dead             Necr           N/A          99%         4    #####..
 Ice Form                 Ice/Tmut       #.......     99%         4    #####..
 Sticky Flame             Conj/Fire      #.......     99%         4    #####..
 Blade Hands              Tmut           #.........   100%        5    ######.
 Fireball                 Conj/Fire      #.........   100%        5    ######.
 Freezing Cloud           Conj/Ice/Air   #.........   100%        6    #######
 Ring of Flames           Chrm/Fire      #.........   100%        7    #######

Inventory:

Missiles
 D - a throwing net (quivered) {!f}
Armour
 a - a +0 buckler (worn)
   (You found it on level 9 of the Dungeon)
 b - a +0 pair of gloves (worn)
   (You found it on level 6 of the Dungeon)
 i - a +0 helmet (worn)
   (You found it on level 1 of the Dungeon)
 k - a +1 chain mail of fire resistance
   (You found it on level 3 of the Dungeon)
 s - a +1 troll leather armour (worn) {Snorg}
   (You found it on level 10 of the Dungeon)
 A - a +0 cloak (worn)
   (You took it off Crazy Yiuf on level 2 of the Dungeon)
Jewellery
 S - a ring of see invisible (right hand)
   (You found it on level 7 of the Dungeon)
Scrolls
 m - 2 scrolls of magic mapping
 o - 2 scrolls of amnesia
 r - 3 scrolls of remove curse
 t - 5 scrolls of teleportation {!r}
 w - a scroll of silence
Potions
 d - 2 potions of heal wounds
 e - 8 potions of curing
 g - a potion of agility
 h - 6 potions of haste
 j - 3 potions of might
 n - a potion of resistance
 p - 4 potions of flight
 q - 3 potions of cancellation
 v - a potion of lignification
 z - 3 potions of brilliance
 B - a potion of mutation {unknown}
 C - 2 potions of ambrosia {unknown}
Comestibles
 c - 22 rations

Dungeon Overview and Level Annotations

Branches:
Dungeon (10/15)            Temple (1/1) D:7            Lair (0/6) D:10
    Orc: D:9-12

Altars:
Ashenzari
Cheibriados
Dithmenos
Elyvilon
Fedhas
Gozag
Hepliaklqana
Kikubaaqudgha
Makhleb
Nemelex Xobeh
Okawaru
Qazlal
Ru
Sif Muna
Trog
Uskayaw
Vehumet
Wu Jian
Xom
Yredelemnul
Zin
The Shining One

Annotations:
D:10 Josephine

### #.........W...P......#
#...P....P.....P.....#
####.................#
##..P......#####.##
#......(##((....# ##
#########'#####W(######
.###..........####'#######
.'.#.............#.......#
.#.#........[.#W@#.#####.#
.#.'........<.##.@.#...#.#
.###..........##.#####.#.#
.# #..........##.....#...#
## #..........#####'######
#########'## #.## ###.#
#..# ##.).# ##.### #..###
#...#


You could see Josephine and a wraith.


Message History

There is an open door here.
As you open the door, it creaks loudly!
There is an open door here.
There is an open door here.
You open the door.
There is an open door here.
There is a stone staircase leading up here.
You climb upwards.
There is a stone staircase leading down here.
Done exploring.
Done exploring.
Done exploring.
Unknown command.
There is a stone staircase leading down here.
You climb downwards.
Level annotation: Josephine
There is a stone staircase leading up here.
(D) Dungeon (T) Temple (L) Lair
Where to? (Enter - D:9 @ (x,y), ? - help)
What level of the Lair of Beasts? (default 1, ? - help)
There is an open door here.
There is an open door here.
There is an open door here.
You are feeling hungry.
There is an open door here.
There is an open door here.
You open the door.
There is an open door here.
Josephine is too close now for your liking.
Josephine shouts!
Things that are here:
a scroll of immolation {!r}; 23 stones; a +0 short sword Josephine casts a spell at you.
The ghostly flame explodes!
The ghostly fireball engulfs the plant.
The plant completely resists.
The ghostly fireball engulfs you!!
You feel drained.
There is a staircase to the Lair here.
You take 29 damage, and have 60/89 hp.
MASSIVE DAMAGE!!
Items here: ((( )))))
There is an open door here.
You close the door.
A wraith opens the door.
You start resting.
The wraith is too close now for your liking.
You barely miss the wraith. You closely miss the wraith.
The wraith closely misses you.
You hit the wraith.
The wraith is lightly damaged.
The wraith hits you. The wraith drains your vigour!
You feel yourself slow down.
You take 5 damage, and have 66/89 hp.
You gain the combat prowess of a mighty hero.
You now have 13/15 mp.
You punch Josephine!
Josephine is lightly wounded.
Josephine hits you with a cursed +0 dagger!
You take 6 damage, and have 61/89 hp.
You closely miss Josephine.
Josephine is lightly wounded.
Josephine hits you with a cursed +0 dagger!
You take 8 damage, and have 53/89 hp.
You punch Josephine!
Josephine is moderately wounded.
Josephine hits you but does no damage.
You hit Josephine but do no damage.
Josephine is moderately wounded.
Josephine completely misses you.
You pummel Josephine!!
Josephine is heavily wounded.
Josephine says, "How about some decapitation?"
Josephine points at you and mumbles some strange words.
The ghostly flame explodes!
The ghostly fireball engulfs you!!
You feel drained.
* * * LOW HITPOINT WARNING * * *
The ghostly fireball engulfs Josephine.
Josephine completely resists.
You punch Josephine!
Josephine is severely wounded.
Josephine hits you with a cursed +0 dagger!
* * * LOW HITPOINT WARNING * * *
Unknown command.
You take 31 damage, and have 24/89 hp.
MASSIVE DAMAGE!!
You closely miss Josephine.
Josephine is severely wounded.
You block Josephine's attack.
You feel much better. Josephine casts a spell at you.
The ghostly flame explodes!
The ghostly fireball engulfs you!!
You feel drained.
* * * LOW HITPOINT WARNING * * *
The ghostly fireball engulfs Josephine.
Josephine completely resists.
You block Josephine's attack.
You take 9 damage, and have 16/89 hp.
You punch Josephine!
Josephine is almost dead.
You feel yourself speed up. The wraith misses you.
Josephine points at you and mumbles some strange words.
The ghostly flame explodes!
The ghostly fireball engulfs you!!
You feel drained.
You die...

Skill      XL: |  1  2  3  4  5  6  7  8  9 10 11 |
---------------+----------------------------------+-----
Unarmed Combat | 4 5 6 7 8 9 11 12 13 | 13.1
Fighting       | 2 3 4 5 6 7 8 9 |  9.3
Dodging        | 3 4 6 8 9 10 | 10.2
Invocations    | 3 5 6 |  6.4
Shields        | 4 |  4.3
Spellcasting   | |  2.0
Transmutations | |  2.6

Action                   |  1- 3 |  4- 6 |  7- 9 | 10-12 || total
-------------------------+-------+-------+-------+-------++-------
Melee: Unarmed           |   121 |   195 |   594 |   329 ||  1239
       Punch             |     2 |     2 |    22 |     7 ||    33
       Tailslap          |       |     2 |       |       ||     2
Invok: Heroism           |       |       |     2 |     9 ||    11
  Use: Scroll            |     6 |     4 |    12 |     2 ||    24
       Potion            |       |     2 |       |     1 ||     3
 Stab: Sleeping          |       |       |     1 |       ||     1
       Distracted        |       |       |       |     1 ||     1
  Eat: Chunk             |     1 |     8 |    12 |     8 ||    29
       Ration            |       |       |     2 |       ||     2
Armor: Scale mail        |    81 |    48 |       |       ||   129
       Robe              |     1 |     2 |    27 |       ||    30
       Chain mail        |       |     5 |       |       ||     5
       Skin              |       |     7 |       |       ||     7
       Troll leather arm |       |       |    72 |    26 ||    98
Dodge: Dodged            |    65 |    72 |   327 |   195 ||   659
Block: Buckler           |       |       |       |    48 ||    48

Levels and vault maps discovered:
D:1:      dpeg_arrival_pond, layout_rooms, serial_curves, eino_curves_02,
          eino_curves_03
D:2:      layout_basic, vehumet_crystals, serial_bayou, serial_bayou_pond_e,
          serial_bayou_pond_d, serial_bayou_shore_b, serial_bayou_pond_b,
          uniq_crazy_yiuf_cottage
D:3:      layout_basic, lemuel_coloured_pillars_altar,
          nicolae_overflow_crystal_walls, uniq_jessica
D:4:      layout_basic, first_ration, uniq_grinder, uniq_edmund
D:5:      minmay_angry_zag, layout_gridville, portal_sewer_entry_b,
          minivault_19, uniq_menkaure, uniq_ijyb
D:6:      layout_loops_cross, grunt_gozag_breadcrumbs,
          grunt_temple_overflow_open
D:7:      layout_loops_ring, kennysheep_mini_moat, minmay_temple_entry_offerings
D:8:      layout_loops_ring, chequers_ossuary_entry_cave, the_bakery,
          corexii_corridor_pit
D:9:      layout_loops_ring, lemuel_round_altar, nicolae_overflow_hidden_temple,
          kennysheep_mini, grunt_decor_arrowhead, uniq_psyche
D:10:     layout_roguey, minmay_lair_entry_grove, uniq_snorg, uniq_josephine,
          uniq_joseph
Temple:   jpeg_temple_clearing
Sewer:    sewer_co_purgy_island
Ossuary:  ossuary_due_pyramid

Notes
Turn   | Place    | Note
-------+----------+-------------------------------------------
     0 | D:1      | Monsterracer the Merfolk Transmuter began the quest for the
                  | Orb.
     0 | D:1      | Reached XP level 1. HP: 15/15 MP: 3/3
   249 | D:1      | Reached XP level 2. HP: 21/21 MP: 5/5
   358 | D:1      | Reached skill level 4 in Unarmed Combat
   594 | D:2      | HP: 11/22 [adder (1)]
   598 | D:2      | Reached XP level 3. HP: 11/27 MP: 6/6
   599 | D:2      | HP: 10/27 [poisoned by an adder]
   606 | D:1      | HP: 8/27 [poisoned by an adder]
   613 | D:1      | HP: 7/27 [poisoned by an adder]
   621 | D:1      | HP: 5/27 [poisoned by an adder]
   892 | D:2      | Found a radiant altar of Vehumet.
  1118 | D:2      | Reached XP level 4. HP: 30/34 MP: 7/7
  1210 | D:2      | Reached skill level 5 in Unarmed Combat
  1397 | D:2      | Found a runed translucent door.
  1398 | D:2      | Noticed Crazy Yiuf
  1671 | D:3      | Noticed Jessica
  1688 | D:3      | Killed Jessica
  1907 | D:3      | Found an ancient bone altar of Kikubaaqudgha.
  1983 | D:3      | Reached XP level 5. HP: 38/41 MP: 8/8
  2107 | D:3      | HP: 20/41 [poisoned by an adder]
  2112 | D:3      | HP: 19/41 [poisoned by an adder]
  2119 | D:3      | HP: 18/41 [poisoned by an adder]
  2127 | D:3      | HP: 17/41 [poisoned by an adder]
  2540 | D:3      | Found a stormy altar of Qazlal.
  2902 | D:4      | Noticed Edmund
  3068 | D:4      | Noticed Grinder
  3070 | D:4      | Paralysed by Grinder for 2 turns
  3084 | D:4      | HP: 18/41 [orc/+0 whip (3)]
  3302 | D:4      | HP: 29/61 [Grinder (3)]
  3304 | D:4      | Reached skill level 6 in Unarmed Combat
  3311 | D:4      | Killed Grinder
  3311 | D:4      | Reached XP level 6. HP: 36/48 MP: 9/9
  3400 | D:4      | Reached skill level 7 in Unarmed Combat
  4021 | D:3      | HP: 23/49 [Edmund/+2 flail of protection (5)]
  4026 | D:3      | HP: 29/73 [Edmund/+2 flail of protection (1)]
  4027 | D:3      | Killed Edmund
  4027 | D:3      | Reached XP level 7. HP: 32/55 MP: 10/10
  4268 | D:2      | Paralysed by Crazy Yiuf for 4 turns
  4272 | D:2      | HP: 24/55 [Crazy Yiuf/+3 quarterstaff of chaos (7)]
  4275 | D:2      | HP: 11/55 [Crazy Yiuf/+3 quarterstaff of chaos (7)]
  4278 | D:2      | Killed Crazy Yiuf
  4892 | D:5      | Entered Level 5 of the Dungeon
  4936 | D:5      | Noticed Menkaure
  5109 | D:5      | Killed Menkaure
  5109 | D:5      | Reached skill level 5 in Fighting
  5154 | D:5      | HP: 26/56 [something (5)]
  5159 | D:5      | HP: 25/56 [something (2)]
  5161 | D:5      | HP: 12/56 [sky beast (5)]
  5162 | D:5      | Reached skill level 8 in Unarmed Combat
  5162 | D:5      | Reached XP level 8. HP: 14/62 MP: 11/11
  5414 | D:5      | Found a glowing drain.
  5516 | Sewer    | Entered a sewer
  5552 | Sewer    | Noticed Purgy
  5569 | Sewer    | Killed Purgy
  6017 | D:5      | Noticed Ijyb
  6034 | D:5      | Killed Ijyb
  6106 | D:5      | Reached skill level 5 in Dodging
  6472 | D:6      | Reached skill level 9 in Unarmed Combat
  6545 | D:6      | Found an opulent altar of Gozag.
  6645 | D:6      | Found a burning altar of Makhleb.
  6649 | D:6      | Found a white marble altar of Elyvilon.
  7154 | D:6      | Reached XP level 9. HP: 71/71 MP: 12/12
  7353 | D:7      | HP: 32/71 [orc warrior/+0 trident (14)]
  7371 | D:6      | HP: 30/71 [hound (3)]
  7614 | D:7      | HP: 33/71 [orc warrior/+0 trident (13)]
  7621 | D:7      | Reached skill level 10 in Unarmed Combat
  7798 | D:7      | Found a sacrificial altar of Ru.
  7873 | D:7      | Found a staircase to the Ecumenical Temple.
  7988 | Temple   | Entered the Ecumenical Temple
  8012 | Temple   | Became a worshipper of Warmaster Okawaru
  8169 | D:8      | Noticed a two-headed ogre
  8214 | D:8      | HP: 34/71 [adder zombie (2)]
  8307 | D:7      | Reached skill level 1 in Invocations
  8535 | D:8      | Found a sand-covered staircase.
  8542 | Ossuary  | Entered an ossuary
  9340 | D:8      | Reached * piety under Okawaru
  9368 | D:8      | HP: 35/72 [wight/cursed +0 great sword (5)]
  9374 | D:8      | HP: 34/72 [poisoned by a scorpion]
  9380 | D:8      | HP: 35/72 [poisoned by a scorpion]
  9387 | D:8      | HP: 35/72 [poisoned by a scorpion]
  9505 | D:8      | Killed a two-headed ogre
  9505 | D:8      | Reached ** piety under Okawaru
  9505 | D:8      | Reached skill level 11 in Unarmed Combat
  9505 | D:8      | Reached XP level 10. HP: 63/80 MP: 10/13
  9794 | D:9      | Noticed a two-headed ogre
  9823 | D:9      | Killed a two-headed ogre
  9923 | D:9      | Noticed Psyche
  9932 | D:9      | Killed Psyche
  9937 | D:9      | Reached skill level 12 in Unarmed Combat
 10006 | D:9      | Found a snail-covered altar of Cheibriados.
 10114 | D:9      | Found an ornate altar of the Wu Jian Council.
 10381 | D:9      | Reached skill level 1 in Shields
 10462 | D:9      | Found a hazy altar of Hepliaklqana.
 10523 | D:9      | Found a shadowy altar of Dithmenos.
 10627 | D:9      | Noticed a two-headed ogre
 10638 | D:9      | Killed a two-headed ogre
 10638 | D:9      | Reached *** piety under Okawaru
 10707 | D:10     | Entered Level 10 of the Dungeon
 10744 | D:10     | Found a staircase to the Lair.
 10759 | D:10     | HP: 39/81 [porcupine's spines (15)]
 10772 | D:10     | Reached skill level 5 in Invocations
 10774 | D:10     | Reached XP level 11. HP: 50/87 MP: 11/14
 10970 | D:10     | Reached **** piety under Okawaru
 11106 | D:10     | Noticed Joseph
 11107 | D:10     | Noticed a two-headed ogre
 11122 | D:10     | Killed Joseph
 11122 | D:10     | Received a gift from Okawaru
 11130 | D:10     | HP: 40/87 [two-headed ogre/+0 giant spiked club (24)]
 11135 | D:10     | Killed a two-headed ogre
 11146 | D:10     | HP: 41/89 [orc wizard/magic dart (7)]
 11229 | D:10     | Noticed a two-headed ogre
 11241 | D:10     | Killed a two-headed ogre
 11241 | D:10     | Received a gift from Okawaru
 11335 | D:10     | Noticed Snorg
 11351 | D:10     | Killed Snorg
 11351 | D:10     | Reached ***** piety under Okawaru
 11351 | D:10     | Reached skill level 10 in Dodging
 11351 | D:10     | Reached skill level 13 in Unarmed Combat
 11535 | D:10     | Noticed Josephine
 11537 | D:10     | HP: 43/89 [Josephine/ghostly fireball (24)]
 11596 | D:9      | HP: 39/89 [wraith[Josephine] (13)]
 12130 | D:10     | HP: 32/89 [Josephine/ghostly fireball (23)]
 12134 | D:10     | Killed from afar by Josephine

Vanquished Creatures
  Snorg (D:10)
  5 two-headed ogres (D:8 D:9 D:10)
  Psyche (D:9)
  Joseph (D:10)
  A troll (D:10)
  A raiju (shapeshifter) (D:9)
  Grinder (D:4)
  A hippogriff (D:7)
  A wraith (D:9)
  4 yaks (D:10)
  A spriggan (D:8)
  Menkaure (D:5)
  Edmund (D:3)
  4 porcupines (D:10)
  Purgy (Sewer)
  3 sky beasts (D:5 D:6)
  4 orc warriors (D:6 D:7 D:8 D:10)
  A phantom (D:8)
  2 ice beasts (D:8 D:9)
  3 centaurs (D:10)
  2 ogres (D:6 D:10)
  4 crocodiles (D:10)
  A big kobold (D:10)
  3 bullfrogs (D:6 D:9)
  4 scorpions (D:8 D:9 D:10)
  3 killer bees (D:9)
  11 wights (D:8 D:9 D:10)
  3 howler monkeys (D:3 D:4 D:5)
  A centaur zombie (D:9)
  4 crimson imps (D:5 D:6 D:7 D:9)
  Crazy Yiuf (D:2)
  3 hounds (D:6 D:7 D:8)
  3 orc wizards (D:7 D:8 D:10)
  An orc priest (D:8)
  2 jellies (D:9 D:10)
  2 bullfrog skeletons (D:6 D:9)
  Jessica (D:3)
  4 iguanas (D:4 D:5 D:7 D:8)
  Ijyb (D:5)
  2 worker ants (D:4 D:6)
  A killer bee zombie (D:8)
  4 mummies (Ossuary)
  A worker ant zombie (D:6)
  12 adders (D:2 D:3 D:4 D:5 Sewer)
  3 river rats (D:5)
  A shadow imp (D:10)
  An adder zombie (D:8)
  3 worms (D:4 D:5)
  4 dart slugs (D:1 D:2)
  3 leopard geckos (D:2 D:3 D:8)
  36 orcs (D:3 D:4 D:6 D:7 D:8)
  6 ball pythons (D:2 D:5 Sewer D:6)
  4 bats (D:1 D:2)
  6 giant cockroaches (D:1 D:2 D:3 D:5 D:6)
  6 goblins (D:1 D:2 D:3)
  9 hobgoblins (D:1 D:2 D:3)
  10 jackals (D:2 D:3 D:8)
  11 kobolds (D:1 D:2 D:10)
  6 quokkas (D:3 D:4 D:7 D:8 D:9)
  A ball python skeleton (D:4)
  7 frilled lizards (D:2 D:4 D:5 Sewer)
  4 gnoll skeletons (Ossuary)
  3 gnoll zombies (Ossuary)
  3 goblin skeletons (Ossuary)
  4 goblin zombies (Ossuary)
  4 hobgoblin skeletons (Ossuary)
  5 hobgoblin zombies (Ossuary)
  A jackal zombie (D:6)
  4 kobold skeletons (Ossuary)
  6 kobold zombies (Ossuary)
  2 leopard gecko skeletons (D:4 D:6)
  A leopard gecko zombie (D:5)
  7 orc skeletons (Ossuary)
  5 orc zombies (Ossuary)
  8 rats (D:1 D:2 D:3 D:5)
  2 rat skeletons (Ossuary)
  A rat zombie (Ossuary)
289 creatures vanquished.

Vanquished Creatures (others)
  A hobgoblin skeleton (Ossuary)
  An orc zombie (Ossuary)
  A fungus (D:10)
  3 plants (D:10)
6 creatures vanquished.

Grand Total: 295 creatures vanquished

Table legend:
 A = Turns spent in this place as a percentage of turns spent in the entire game.
 B = Non-inter-level travel turns spent in this place as a percentage of non-inter-level travel turns spent in the entire game.
 C = Inter-level travel turns spent in this place as a percentage of turns spent in this place.
 D = Turns resting spent in this place as a percentage of non-inter-level travel turns spent in this place.
 E = Turns spent auto-exploring this place as a percentage of non-inter-level travel turns spent in this place.
 F = Non-inter-level travel turns spent in this place divided by the number of levels of this place that you've seen.
                   A       B       C       D       E      F
               +-------+-------+-------+-------+-------+----------------------
         Total | 100.0 | 100.0 |   5.9 |  11.6 |  62.0 | 878.1
       Dungeon |  92.4 |  92.1 |   6.3 |  12.6 |  61.9 | 1051.2
        Temple |   0.8 |   0.8 |  14.0 |   0.0 |  91.9 |  86.0
         Sewer |   3.5 |   3.7 |   0.0 |   0.0 |  77.3 | 423.0
       Ossuary |   3.2 |   3.5 |   0.0 |   0.0 |  44.2 | 394.0
               +-------+-------+-------+-------+-------+----------------------

Table legend:
 A = Non-vault XP
 B = Vault XP
 C = Vault XP percentage of total XP
 D = Non-vault monster count
 E = Vault monster count
 F = Vault count percentage of total count
                 A         B        C        D         E       F
            +---------+---------+-------+---------+---------+-------
      Total |    9959 |    5505 |  35.6 |     188 |      98 |  34.3
            +---------+---------+-------+---------+---------+-------
        D:1 |      35 |       0 |   0.0 |      16 |       0 |   0.0
        D:2 |      56 |      67 |  54.5 |      20 |       7 |  25.9
        D:3 |     109 |     201 |  64.8 |      16 |       2 |  11.1
        D:4 |     169 |     267 |  61.2 |      15 |       1 |   6.2
        D:5 |     192 |     472 |  71.1 |       4 |      14 |  77.8
        D:6 |     687 |       0 |   0.0 |      22 |       0 |   0.0
        D:7 |     572 |       0 |   0.0 |      10 |       0 |   0.0
        D:8 |    1904 |     211 |  10.0 |      35 |       1 |   2.8
        D:9 |    3081 |     641 |  17.2 |      22 |       2 |   8.3
       D:10 |    3154 |    3375 |  51.7 |      28 |      14 |  33.3
      Sewer |       0 |     156 | 100.0 |       0 |       8 | 100.0
    Ossuary |       0 |     115 | 100.0 |       0 |      49 | 100.0
            +---------+---------+-------+---------+---------+-------
